 Dungeon Crawl Stone Soup version 0.17.0-1-g61d176b (webtiles) character file.

2696 radek the Digger (level 9, -11/52 HPs)
             Began as a Gargoyle Earth Elementalist on Nov 7, 2015.
             Was a Priest of Vehumet.
             Mangled by an orc warrior
             ... wielding a cursed -3 scimitar
              (16 damage)
             ... on level 5 of the Dungeon.
             The game lasted 00:49:58 (9949 turns).

radek the Digger (Gargoyle Earth Elementalist)      Turns: 9949, Time: 00:49:58

Health: -11/52     AC: 13    Str: 11    XL:     9   Next: 65%
Magic:  13/19      EV: 13    Int: 20    God:    Vehumet [***...]
Gold:   350        SH:  0    Dex: 10    Spells: 3 memorised, 12 levels left

rFire  . . .     SeeInvis .     a - 109 stones
rCold  . . .     Clarity  .     b - +0 robe
rNeg   + . .     SustAt   .     (no shield)
rPois  ∞         Gourm    .     (no helmet)
rElec  +         Spirit   .     Q - +2 cloak {rPois}
rCorr  .         Warding  .     (no gloves)
rMut   .         Stasis   .     (no boots)
MR     .....                    (no amulet)
Stlth  ++........               x - ring of wizardry
                                B - +2 ring of protection

@: not resistant to hostile enchantments, unstealthy
A: negative energy resistance 1, electricity resistance, unbreathing,
petrification resistance, rot immunity, AC +5
a: Renounce Religion


You were on level 5 of the Dungeon.
You worshipped Vehumet.
Vehumet was most pleased with you.
You were not hungry.

You visited 1 branch of the dungeon, and saw 7 of its levels.

You collected 350 gold pieces.

Inventory:

Hand Weapons
 e - a +3 flail
 m - a +1 dagger
 y - a +0 flail
 C - a +0 flail of crushing
 D - a +0 flail
 F - a +0 flail
Missiles
 a - 109 stones (in hand)
Armour
 b - a +0 robe (worn)
 Q - a +2 cloak of poison resistance (worn)
Jewellery
 n - an uncursed ring of teleportation
 s - an uncursed ring of ice
 x - a ring of wizardry (right hand)
 B - a +2 ring of protection (left hand)
Wands
 o - a wand of random effects (15)
 p - a wand of magic darts (32)
 O - a wand of enslavement (0)
Scrolls
 g - 2 scrolls of immolation
 h - 2 scrolls of enchant weapon
 i - 10 scrolls of identify
 k - 4 scrolls of teleportation
 u - 3 scrolls of amnesia {unknown}
 E - 2 scrolls of magic mapping {unknown}
 H - a scroll of fear {unknown}
 I - 2 scrolls of remove curse
 K - a scroll of enchant armour {unknown}
 L - 2 scrolls of random uselessness {unknown}
 N - a scroll of acquirement {unknown}
Potions
 j - 2 potions of mutation {unknown}
 q - 5 potions of curing {unknown}
 r - a potion of agility {unknown}
 t - 2 potions of might {unknown}
 v - a potion of magic {unknown}
 z - a potion of invisibility {unknown}
 G - 2 potions of brilliance {unknown}
 J - a potion of lignification {unknown}
Books
 c - a book of Geomancy

   Spells                             Type                      Level
   a - Sandblast                      Earth                        1
   b - Stoneskin                      Transmutation/Earth          2
   c - Passwall                       Transmutation/Earth          3
   d - Stone Arrow                    Conjuration/Earth            3
   e - Petrify                        Transmutation/Earth          4
   f - Lee's Rapid Deconstruction     Earth                        5
 A - a book of Envenomations

   Spells                             Type                      Level
   a - Spider Form                    Transmutation/Poison         3
   b - Alistair's Intoxication        Transmutation/Poison         4
   c - Olgreb's Toxic Radiance        Poison                       4
   d - Poisonous Cloud                Conjuration/Poison/Air       6
 M - a book of Clouds

   Spells                             Type                      Level
   a - Mephitic Cloud                 Conjuration/Poison/Air       3
   b - Conjure Flame                  Conjuration/Fire             3
   c - Poisonous Cloud                Conjuration/Poison/Air       6
   d - Freezing Cloud                 Conjuration/Ice/Air          6
   e - Ring of Flames                 Charms/Fire                  7
Comestibles
 d - 4 bread rations
 f - 3 beef jerkies
 l - 5 fruits
 w - 3 meat rations


   Skills:
 + Level 3.8 Fighting
 + Level 3.2 Maces & Flails
 + Level 3.2 Armour
 + Level 3.5 Dodging
 - Level 2.1 Stealth
 * Level 6.8 Spellcasting
 * Level 6.2 Conjurations
   Level 0.7 Transmutations
 + Level 7.1 Earth Magic


You had 12 spell levels left.
You knew the following spells:

 Your Spells              Type           Power        Failure   Level  Hunger
a - Sandblast             Erth           #####.       1%          1    None
b - Stone Arrow           Conj/Erth      ####..       1%          3    #......
c - Lee's Rapid Deconstr  Erth           #####.....   2%          5    #####..


Dungeon Overview and Level Annotations

Branches:
Dungeon (7/15)             Temple (0/1) D:7

Altars:
Ashenzari
Elyvilon
Makhleb
Nemelex Xobeh
Ru
Vehumet
Yredelemnul
Zin
The Shining One

Shops:
D:6 [

Annotations:
D:7 exclusion: ice statue


Innate Abilities, Weirdness & Mutations

You are resistant to torment.
Your stone body is resilient (AC +5).
You are immune to poison.
You resist negative energy.
You are resistant to electric shocks.
You can survive without breathing.
You are immune to petrification.
You are immune to rotting.


Message History

The orc warrior hits you with a scimitar.
* * * LOW HITPOINT WARNING * * *
Casting: Sandblast
Confirm with . or Enter, or press ? or * to list all spells.
Aiming: Sandblast
Press: ? - help, Shift-Dir - straight line, f/p - orc warrior
Aim: an orc warrior, wielding a scimitar and wearing a chain mail (lightly wounded)
The rocky blast hits the orc warrior.
The orc warrior is lightly wounded.
The orc warrior hits you with a scimitar!
* * * LOW HITPOINT WARNING * * *
Casting: Sandblast
Confirm with . or Enter, or press ? or * to list all spells.
Aiming: Sandblast
Press: ? - help, Shift-Dir - straight line, f/p - orc warrior
Aim: an orc warrior, wielding a scimitar and wearing a chain mail (lightly wounded)
The rocky blast hits the orc warrior.
The orc warrior is lightly wounded.
The orc warrior hits you with a scimitar!
You die...

#############
##########...........############
.................................
.#########...........###########.
.# #######...............#. .#
########## #.#####.........#.
.####........###.# ###.#########.
...............o@# #...# #...)..
.#.##.####.......# #.######.#####
.#.##.####...###.# #.#........#
.#.##.##.....# #.# #.##.###.#.#
.#.##.##.##..# #.###.##.#<#.#.#
##.##.##.##..###...)....#.#.#.###
...##.##.##..........#..#.#.#....
#####.##......)....#.#.)#.#.#####
......#####.######.#.#.[#.#.#


You could see an orc warrior.

Vanquished Creatures
  Grinder (D:6)
  A hippogriff (D:7)
  Menkaure (D:4)
  An ice beast (D:6)
  An ogre (D:7)
  3 phantoms
  A sky beast (D:7)
  A giant frog (D:6)
  A water moccasin zombie (D:7)
  6 killer bees
  2 scorpions
  3 wights
  4 crimson imps
  6 orc wizards
  3 orc priests
  2 iguanas
  3 hounds
  A centaur skeleton (D:3)
  Natasha (thrice) (D:4)
  4 worker ants
  The ghost of braks the Chopper, a weakling DrGl (D:4)
  The ghost of emiel the Magician, a weakling FoWz (D:3)
  12 gnolls
  8 adders
  2 shadow imps
  An ooze (D:3)
  An adder skeleton (D:4)
  7 worms
  4 giant geckos
  15 orcs
  A ball python (D:6)
  3 giant cockroaches
  10 goblins
  10 hobgoblins
  10 jackals
  11 kobolds
  2 quokkas (D:6)
  7 bats
  5 giant newts
  2 goblin skeletons (D:7)
  A goblin zombie (D:7)
  4 hobgoblin zombies (D:7)
  A kobold zombie (D:7)
  3 orc skeletons (D:7)
  An orc zombie (D:7)
  8 rats
179 creatures vanquished.

Notes
Turn   | Place    | Note
--------------------------------------------------------------
     0 | D:1      | radek the Gargoyle Earth Elementalist began the quest for the Orb.
     0 | D:1      | Reached XP level 1. HP: 10/10 MP: 3/3
   293 | D:1      | Reached skill level 4 in Earth Magic
   293 | D:1      | Reached XP level 2. HP: 13/15 MP: 3/5
   815 | D:2      | Reached XP level 3. HP: 17/19 MP: 3/6
  1717 | D:2      | Found a glowing silver altar of Zin.
  1990 | D:2      | Reached XP level 4. HP: 24/24 MP: 6/8
  2012 | D:2      | Learned a level 3 spell: Stone Arrow
  2584 | D:3      | Noticed emiel's ghost (weakling FoWz)
  2641 | D:3      | Killed emiel's ghost
  2850 | D:3      | Reached skill level 5 in Earth Magic
  3041 | D:3      | Found a basalt altar of Yredelemnul.
  3054 | D:3      | Reached skill level 1 in Conjurations
  3054 | D:3      | Reached XP level 5. HP: 28/28 MP: 3/10
  3140 | D:3      | Learned a level 5 spell: Lee's Rapid Deconstruction
  3142 | D:3      | Found a radiant altar of Vehumet.
  3144 | D:3      | Found a shattered altar of Ashenzari.
  3145 | D:3      | Found a sparkling altar of Nemelex Xobeh.
  3146 | D:3      | Found a burning altar of Makhleb.
  3157 | D:3      | Became a worshipper of Vehumet
  3941 | D:4      | Noticed a phantom
  3946 | D:3      | Reached XP level 6. HP: 32/32 MP: 9/12
  4026 | D:4      | Killed a phantom
  4122 | D:4      | HP: 1/32 [orc priest/divine providence (11)]
  4135 | D:4      | Reached skill level 6 in Earth Magic
  4135 | D:4      | Reached XP level 7. HP: 6/36 MP: 0/14
  4276 | D:4      | Noticed braks's ghost (weakling DrGl)
  4388 | D:4      | Found a sacrificial altar of Ru.
  4393 | D:4      | Reached * piety under Vehumet
  4393 | D:4      | Offered knowledge of Shock by Vehumet.
  4423 | D:4      | Reached skill level 5 in Spellcasting
  4462 | D:4      | Killed braks's ghost
  4634 | D:4      | Noticed Natasha
  4642 | D:4      | Killed Natasha
  4941 | D:4      | Noticed Natasha
  4945 | D:4      | Killed Natasha
  5065 | D:4      | Noticed Menkaure
  5069 | D:4      | Killed Menkaure
  5069 | D:4      | Reached skill level 1 in Maces & Flails
  5084 | D:4      | Noticed a phantom
  5192 | D:4      | Killed a phantom
  5192 | D:4      | Reached skill level 1 in Fighting
  5192 | D:4      | Reached skill level 1 in Armour
  5391 | D:4      | Noticed Natasha
  5393 | D:4      | Killed Natasha
  5452 | D:5      | Entered Level 5 of the Dungeon
  5467 | D:5      | Reached XP level 8. HP: 43/43 MP: 8/16
  5719 | D:5      | Reached ** piety under Vehumet
  5719 | D:5      | Offered knowledge of Flame Tongue by Vehumet.
  6151 | D:5      | Found a white marble altar of Elyvilon.
  7764 | D:6      | Reached skill level 5 in Conjurations
  8088 | D:6      | Noticed Grinder
  8112 | D:6      | Paralysed by Grinder for 4 turns
  8124 | D:6      | Killed Grinder
  8124 | D:6      | Offered knowledge of Inner Flame by Vehumet.
  8124 | D:6      | Reached XP level 9. HP: 29/49 MP: 9/18
  8303 | D:6      | Found Vafaegan's Antique Armour Emporium.
  8803 | D:6      | Reached *** piety under Vehumet
  8940 | D:6      | Reached skill level 7 in Earth Magic
  9235 | D:7      | Found a staircase to the Ecumenical Temple.
  9462 | D:7      | Noticed an ice statue
  9569 | D:7      | Offered knowledge of Fulminant Prism by Vehumet.
  9588 | D:7      | Found a glowing golden altar of the Shining One.
  9766 | D:7      | HP: 2/52 [ice statue] (7)]
  9949 | D:5      | Mangled by an orc warrior

Action                   |  1- 3 |  4- 6 |  7- 9 || total
-------------------------+-------+-------+-------++-------
Melee: Unarmed           |    28 |       |       ||    28
       Dagger            |    39 |     1 |       ||    40
       Flail             |       |     1 |    25 ||    26
 Cast: Sandblast         |    79 |   106 |   302 ||   487
       Lee's Rapid Decon |       |       |    15 ||    15
 Abil: Evoke Teleportati |       |     1 |       ||     1
  Use: Scroll            |       |     6 |       ||     6
       Potion            |       |     2 |     1 ||     3
  Eat: Chunk             |     4 |     7 |    12 ||    23
       Bread ration      |       |       |     2 ||     2
       Royal jelly       |       |       |     1 ||     1
